 Dungeon Sprint DCSS version 0.21-a0-41-g5e91fef (webtiles) character file.

3400000 Kidiri the Conqueror (level 24, -10/249 HPs)
             Began as a Centaur Gladiator on June 3, 2017.
             Was the Champion of Makhleb.
             Mangled by a large bag of meat
             ... wielding a +9 giant spiked club
              (116 damage)
             ... in the Dungeon (Sprint VIII: "Arena of Blood").
             The game lasted 00:01:51 (34 turns).

Kidiri the Conqueror (Centaur Gladiator)              Turns: 34, Time: 00:01:51

Health: -10/249    AC: 10    Str: 19    XL:     24   Next: 23%
Magic:  6/54       EV: 32    Int:  7    God:    Makhleb [******]
Gold:   0          SH:  0    Dex: 21    Spells: 77/77 levels left

rFire    . . .     SeeInvis .   l - +∞ Axe of Woe
rCold    . . .     Gourm    .   (shield currently unavailable)
rNeg     . . .     Faith    .   b - +0 leather armour
rPois    .         Spirit   .   c - +0 helmet
rElec    .         Reflect  .   (no cloak)
rCorr    .         Harm     .   (no gloves)
MR       +....     NoTele   +   (no barding)
Stlth    +++++++++.             (no amulet)
Regen    0.6/turn               (no ring)
MPRegen  0.4/turn               (no ring)

@: very quick
A: hooves 3, deformed body, speed 2, tough skin 3
a: Minor Destruction, Lesser Servant of Makhleb, Major Destruction, Greater
Servant of Makhleb, Renounce Religion


You were in the Dungeon.
You worshipped Makhleb.
Makhleb was exalted by your worship.
You were not hungry.

You visited 1 branch

Inventory:

Hand Weapons
 a - a +0 war axe
 l - the +∞ Axe of Woe (weapon)
   (You found it in the Dungeon)
Missiles
 d - 3 throwing nets (quivered)
Armour
 b - a +0 leather armour (worn)
 c - a +0 helmet (worn)
Scrolls
 k - a scroll of blinking
Potions
 e - a potion of curing
 g - a potion of heal wounds
 h - a potion of haste
 i - 2 potions of magic
 j - a potion of berserk rage
Comestibles
 f - a bread ration


   Skills:
 O Level 27 Fighting
 O Level 27 Axes
 O Level 27 Throwing
 O Level 27 Armour
 O Level 27 Dodging
 O Level 27 Stealth
 O Level 27 Unarmed Combat
 O Level 27 Spellcasting
 O Level 27 Invocations


You had 77 spell levels left.
You didn't know any spells.

Dungeon Overview and Level Annotations

Branches:
Dungeon (1/1)

Altars:
Makhleb


Innate Abilities, Weirdness & Mutations

You have hooves in place of feet.
Armour fits poorly on your strangely shaped body.
You cover ground very quickly.
You have extremely tough skin. (AC +3)


Message History

You hear a shout! x2
The eight-headed meat hydra calls on the powers of darkness!
The eight-headed meat hydra convulses!
The bag of meat convulses! x3
Your body is wracked with pain!
The bag of meat convulses! x5
The large bag of meat convulses!
You hear a shout! x2
You are too injured to fight recklessly!
Unknown command.
Unknown command.
Unknown command.
An eight-headed meat hydra comes into view.
You are engulfed in blazing flames.
You hear a shout!
The bag of meat is engulfed in blazing flames.
You hear a shout!
The destroyer blinks!
The large bag of meat is engulfed in blazing flames.
The large bag of meat completely misses you.
The large bag of meat hits you with a +9 giant spiked club!!!!
You die...

...... D. ..
##.....##.##....
.................
%........#.#.....
%...%...Vo......o
....%..oo.o......
#.z%..§§Ooo.o....
....%.§@§)oVo....
.§..o%.§o)oo.....
....#.§o§)..#...
... #.o§§...#
...###.))....###.
........###.§....
#........_.D.....
...O..#.....#.....
......#_.<._#.....


You could see 2 eight-headed meat hydras, 2 destroyers, a sculptor of flesh
(wandering), 2 large bags of meat and 15 bags of meat.

Vanquished Creatures
  A vampire knight (D)
  13 ogres (D)
  3 two-headed ogres (D)
  20 orcs (D)
37 creatures vanquished.

Notes
Turn   | Place    | Note
-------+----------+-------------------------------------------
     0 | D        | Kidiri the Centaur Gladiator began the quest for the Orb.
     0 | D        | Reached XP level 1. HP: 17/17 MP: 1/1
     3 | D        | Noticed a bag of meat
     4 | D        | Became a worshipper of Makhleb the Destroyer
     5 | D        | Noticed a meat berserker
     6 | D        | Noticed a bag of meat
     6 | D        | Noticed a bag of meat
     6 | D        | Noticed a meat berserker
     8 | D        | Killed a meat berserker
     8 | D        | Reached XP level 2. HP: 49/49 MP: 1/9
     8 | D        | Reached XP level 3. HP: 56/56 MP: 1/10
     8 | D        | Reached XP level 4. HP: 63/63 MP: 1/12
     8 | D        | Reached XP level 5. HP: 70/70 MP: 1/13
     8 | D        | Reached XP level 6. HP: 78/78 MP: 1/15
     8 | D        | Reached XP level 7. HP: 85/85 MP: 1/16
     8 | D        | Reached XP level 8. HP: 93/93 MP: 1/17
     8 | D        | Reached XP level 9. HP: 100/100 MP: 1/18
     8 | D        | Reached XP level 10. HP: 107/107 MP: 1/19
     8 | D        | Reached XP level 11. HP: 114/114 MP: 1/20
     8 | D        | Reached XP level 12. HP: 122/122 MP: 1/21
     8 | D        | Reached XP level 13. HP: 128/128 MP: 1/22
     9 | D        | Noticed a bag of meat
     9 | D        | Noticed a bag of meat
     9 | D        | Killed a bag of meat
     9 | D        | Reached * piety under Makhleb
     9 | D        | Reached skill level 10 in Armour
     9 | D        | Killed a bag of meat
     9 | D        | Reached XP level 14. HP: 144/144 MP: 1/25
    10 | D        | Noticed a bag of meat
    10 | D        | Noticed a bag of meat
    10 | D        | Killed a meat berserker
    10 | D        | Reached XP level 15. HP: 147/155 MP: 1/27
    11 | D        | Reached ** piety under Makhleb
    12 | D        | Noticed a meat berserker
    13 | D        | Noticed a meat berserker
    15 | D        | Reached XP level 16. HP: 170/170 MP: 2/29
    16 | D        | Noticed a meat berserker
    16 | D        | Killed a meat berserker
    16 | D        | Reached *** piety under Makhleb
    17 | D        | Killed a meat berserker
    17 | D        | Reached skill level 15 in Armour
    17 | D        | Reached XP level 17. HP: 184/184 MP: 3/31
    18 | D        | Reached **** piety under Makhleb
    19 | D        | Noticed a meat berserker
    19 | D        | Noticed a meat berserker
    20 | D        | Killed a meat berserker
    20 | D        | Reached skill level 27 in Fighting
    20 | D        | Reached XP level 18. HP: 200/200 MP: 3/33
    21 | D        | Noticed a meat berserker
    21 | D        | Noticed a meat berserker
    22 | D        | Noticed a destroyer
    22 | D        | Noticed a large bag of meat
    23 | D        | Noticed a meat berserker
    23 | D        | Noticed a meat berserker
    24 | D        | Killed a meat berserker
    24 | D        | Reached skill level 27 in Axes
    24 | D        | Reached XP level 19. HP: 207/207 MP: 4/34
    25 | D        | Noticed a large bag of meat
    25 | D        | Noticed a meat berserker
    25 | D        | Noticed a meat berserker
    25 | D        | Noticed a large bag of meat
    26 | D        | Killed a destroyer
    26 | D        | Reached ***** piety under Makhleb
    27 | D        | Noticed a large bag of meat
    27 | D        | Killed a meat berserker
    27 | D        | Reached skill level 27 in Throwing
    27 | D        | Reached skill level 27 in Dodging
    27 | D        | Reached skill level 27 in Invocations
    27 | D        | Reached XP level 20. HP: 216/216 MP: 4/37
    28 | D        | Killed a large bag of meat
    28 | D        | Reached skill level 27 in Armour
    28 | D        | Reached skill level 5 in Unarmed Combat
    29 | D        | Noticed a destroyer
    29 | D        | Reached skill level 10 in Unarmed Combat
    29 | D        | Killed a large bag of meat
    29 | D        | Reached ****** piety under Makhleb
    29 | D        | Reached skill level 10 in Stealth
    29 | D        | Reached XP level 21. HP: 224/224 MP: 5/38
    29 | D        | Reached skill level 15 in Stealth
    30 | D        | Reached XP level 22. HP: 233/233 MP: 5/45
    31 | D        | Reached skill level 27 in Unarmed Combat
    31 | D        | Reached XP level 23. HP: 240/240 MP: 5/50
    32 | D        | Killed a large bag of meat
    32 | D        | Reached skill level 27 in Spellcasting
    33 | D        | Noticed a large bag of meat
    33 | D        | Reached skill level 27 in Stealth
    33 | D        | Reached XP level 24. HP: 249/249 MP: 5/54
    34 | D        | Noticed a destroyer
    34 | D        | Mangled by a large bag of meat

Vault maps used:
D:        meatsprint

Skill      XL: |  1  2  3  4  5  6  7  8  9 10 11 12 13 14 15 16 17 18 19 20 21 22 23 |
---------------+----------------------------------------------------------------------+-----
Fighting       | 16 18 20 22 24 27 | 27.0
Axes           | 14 17 18 21 23 25 27 | 27.0
Throwing       | 12 14 16 18 20 22 23 27 | 27.0
Armour         | 9 10 12 13 15 16 17 21 27 | 27.0
Dodging        | 12 14 16 18 20 22 23 27 | 27.0
Invocations    | 12 14 16 18 20 22 23 27 | 27.0
Stealth        | 10 17 22 27 | 27.0
Unarmed Combat | 14 23 27 | 27.0
Spellcasting   | 11 19 23 27 | 27.0

Action                   |  1- 3 |  4- 6 |  7- 9 | 10-12 | 13-15 | 16-18 | 19-21 | 22-24 || total
-------------------------+-------+-------+-------+-------+-------+-------+-------+-------++-------
Melee: Executioner's axe |     1 |       |       |       |     5 |     6 |     5 |     3 ||    20
Dodge: Dodged            |       |       |       |       |       |       |       |     1 ||     1
